 Dungeon Crawl Stone Soup version 0.27-a0-1189-gb8eb6cee8e (webtiles) character file.

Game seed: 10654835047173794103

45584 Froggeryz the Brawler (level 14, -2/116 HPs)
             Began as a Ghoul Delver on May 23, 2021.
             Was the Champion of Okawaru.
             Slain by an orc knight
             ... wielding a +0 great mace
              (8 damage)
             ... on level 1 of the Orcish Mines.
             The game lasted 00:27:05 (18634 turns).

Froggeryz the Brawler (Ghoul Delver)               Turns: 18634, Time: 00:27:06

Health: -2/116     AC: 18    Str: 20    XL:     14   Next: 33%
Magic:  0/13       EV:  9    Int:  6    God:    Okawaru [******]
Gold:   1855       SH:  0    Dex: 10    Spells: 13/13 levels left

rFire    . . .     SeeInvis .     - Unarmed
rCold    + . .     Faith    .   (no shield)
rNeg     + + +     Spirit   +   o - +6 chain mail of Disaster {Regen+}
rPois    ∞         Reflect  .   (no helmet)
rElec    .         Harm     .   z - +0 cloak
rCorr    .         Rampage  .   (no gloves)
Will     +....                  g - +0 pair of boots {Fly}
Stlth    ..........             q - amulet of guardian spirit
HPRegen  0.00/turn              (no ring)
MPRegen  0.13/turn              (no ring)

@: flying
A: claws 1, cold resistance 1, negative energy resistance 3, inhibited
regeneration, torment resistance 2
a: Renounce Religion, Heroism, Finesse


You were on level 1 of the Orcish Mines.
You worshipped Okawaru.
Okawaru was exalted by your worship.
You visited 4 branches of the dungeon, and saw 19 of its levels.

You collected 1855 gold pieces.

Inventory:

Missiles
 B - 2 curare-tipped darts (quivered)
 G - 3 throwing nets
 M - 3 atropa-tipped darts
 N - 3 javelins
Armour
 e - the +1 plate armour of the Loofah {+Inv Fly rC++ Str-4}
   (You found it on level 9 of the Dungeon)

   It affects your strength (-4).
   It greatly protects you from cold.
   It lets you turn invisible.
   It grants you flight.
 g - a +0 pair of boots of flying (worn)
 o - the +6 chain mail of Disaster (worn) {Regen+}
   (You found it on level 5 of the Dungeon)

   It increases your rate of health regeneration.
 w - a +2 tower shield
 z - a +0 cloak (worn)
 D - a +0 pair of gloves of dexterity
Jewellery
 h - a ring of fire
 q - an amulet of guardian spirit (around neck)
 K - an amulet of the acrobat
Wands
 a - a wand of acid (11)
 f - a wand of digging (3)
 j - a wand of polymorph (23)
 m - a wand of iceblast (33)
 E - a wand of flame (37)
 J - a wand of mindburst (16)
Scrolls
 b - 6 scrolls of fog
 c - 4 scrolls of magic mapping
 d - 3 scrolls of fear
 s - 3 scrolls of holy word
 u - 8 scrolls of identify
 y - 4 scrolls of enchant weapon
 A - 3 scrolls of enchant armour
 I - a scroll of amnesia
 L - a scroll of silence
Potions
 i - 7 potions of attraction
 k - a potion of ambrosia {unknown}
 l - 5 potions of curing
 n - 3 potions of haste
 p - 3 potions of cancellation
 r - a potion of might {unknown}
 t - 4 potions of brilliance
 v - a potion of magic
 x - 3 potions of invisibility
 C - a potion of mutation {unknown}
 F - a potion of berserk rage {unknown}
Miscellaneous
 H - a condenser vane (inert)


   Skills:
 * Level 8.4 Fighting
 - Level 5.4 Armour
 - Level 5.0 Dodging
 - Level 5.4 Stealth
 + Level 12.4 Shields
 - Level 18.0 Unarmed Combat


You had 13 spell levels left.
You didn't know any spells.
Your spell library contained the following spells:

 Spells                   Type           Power      Damage    Failure   Level
 Apportation              Tloc           0%         N/A       99%         1
 Foxfire                  Conj/Fire      0%         2x1d4     99%         1
 Conjure Flame            Conj/Fire      0%         6-21      100%        3
 Inner Flame              Hex/Fire       0%         N/A       100%        3
 Lesser Beckoning         Tloc           0%         N/A       100%        3
 Tukima's Dance           Hex            0%         N/A       100%        3
 Cause Fear               Hex            0%         N/A       100%        4
 Sticky Flame             Conj/Fire      0%         2d3       100%        4
 Summon Ice Beast         Ice/Summ       0%         N/A       100%        4
 Summon Lightning Spire   Summ/Air       0%         N/A       100%        4
 Alistair's Intoxication  Tmut/Pois      0%         N/A       100%        5
 Fireball                 Conj/Fire      0%         3d3       100%        5
 Silence                  Hex/Air        0%         N/A       100%        5
 Yara's Violent Unravell  Hex/Tmut       0%         3d3       100%        5
 Conjure Ball Lightning   Conj/Air       0%         3x3d6     100%        6
 Freezing Cloud           Conj/Ice/Air   0%         6-21      100%        6
 Invisibility             Hex            0%         N/A       100%        6
 Simulacrum               Ice/Necr       0%         N/A       100%        6
 Ozocubu's Refrigeration  Ice            0%         4d5       100%        7
 Discord                  Hex            0%         N/A       100%        8
 Disjunction              Tloc           0%         N/A       100%        8
 Tornado                  Air            0%         N/A       100%        9
 Ice Form                 Ice/Tmut       Unusable   N/A       N/A         4

Dungeon Overview and Level Annotations

Branches:
Dungeon (10/15)            Temple (1/1) D:6            Lair (6/6) D:9
 Shoals (0/4) Lair:4        Snake (0/4) Lair:3        Slime (0/5) Lair:5
    Orc (2/2) D:9
    Elf: Orc:2

Altars:
Elyvilon
Fedhas
Hepliaklqana
Kikubaaqudgha
Nemelex Xobeh
Okawaru
Sif Muna
Trog
Wu Jian
Xom
Yredelemnul
Zin
The Shining One
Beogh
Jiyva

Shops:
D:7 [

Annotations:
D:3 3 runed translucent doors, PanSaczeczos's ghost, weakling PaVM
Lair:3 exclusion: 2 oklob plants
Lair:6 1 runed translucent door, Delamore's ghost, journeyman GrMo


Innate Abilities, Weirdness & Mutations

You thrive by killing the living.
You are immune to poison.
You have sharp fingernails.
Your flesh is cold resistant. (rC+)
You are immune to negative energy. (rN+++)
You do not regenerate when monsters are visible.
You are immune to unholy pain and torment.


Message History

You claw the orc knight!
The orc knight is moderately wounded.
The warg barely misses you. The orc hits you with a +0 war axe.
The orc knight hits you with a +0 great mace!!
You are too injured to fight recklessly!
You are too injured to fight recklessly!
You are too injured to fight recklessly!
You are too injured to fight recklessly!
You are too injured to fight recklessly!
You are too injured to fight recklessly!
You are too injured to fight recklessly!
You are too injured to fight recklessly!
You are too injured to fight recklessly!
You are too injured to fight recklessly!
You are too injured to fight recklessly!
You are too injured to fight recklessly!
You are too injured to fight recklessly!
You mangle the orc knight!!
The orc knight is severely wounded.
The orc no longer looks unusually strong.
The warg bites you but does no damage. The orc barely misses you.
You scratch the orc knight but do no damage.
The orc knight is severely wounded.
The orc knight hits you with a +0 great mace!!
* * * LOW HITPOINT WARNING * * *
The warg closely misses you.
You mangle the orc knight!!
The orc knight is almost dead.
The orc barely misses you. The warg closely misses you.
The orc knight hits you with a +0 great mace!
* * * LOW HITPOINT WARNING * * *
You scratch the orc knight.
The orc knight is almost dead.
The warg bites you!
* * * LOW HITPOINT WARNING * * *
The orc closely misses you.
You scratch the orc knight.
The orc knight is almost dead.
The orc knight hits you with a +0 great mace!
You die...

#.#......##.)#....###.
###...##......##..###.#
##....####...####...####
#...### #.)..####...###
#.#..#####[....#.#..###.
####<..#.............##.
##.[[)..........##...
#.[h....##......#....
##..@..#....#...#....
##o#o##...##......#.
####.#..#####....##
##.....# #...###
#.#.#..#####....##
######..#.#......#
#............
##....#.#....
###.#####.#.


You could see an orc knight, a warg and an orc.

Vanquished Creatures
  3 hydras
  2 boulder beetles
  4 death yaks
  A two-headed ogre (Orc:1)
  A lindwurm (Lair:5)
  2 orc sorcerers (Orc:1)
  2 manticores
  4 black mambas
  14 cane toads
  An elephant (Lair:5)
  Maggie (D:9)
  2 molten gargoyles (Lair:3)
  5 komodo dragons
  3 rime drakes
  An unseen horror (D:10)
  3 kobold demonologists
  2 torpor snails (Lair:5)
  A queen bee (Lair:5)
  3 meliai (Lair:5)
  10 polar bears
  A troll (Orc:2)
  A dream sheep (Lair:6)
  Grinder (D:5)
  5 hornets
  20 blink frogs
  Sigmund (D:6)
  14 spriggans (Lair:6)
  A wyvern (Lair:5)
  2 shadows
  4 basilisks
  A steam dragon (Lair:5)
  20 yaks
  6 vampire mosquitoes
  3 wargs (Orc:1)
  16 water moccasins
  3 black bears
  6 orc warriors
  A hornet zombie (D:7)
  3 sky beasts
  3 boggarts (Lair:6)
  3 centaurs
  6 ogres
  A phantom (D:6)
  23 wolves
  2 kobold brigands (D:10)
  13 bullfrogs
  3 scorpions
  A gnoll sergeant (D:7)
  A water moccasin zombie (D:5)
  A wyvern skeleton (D:7)
  A water moccasin skeleton (D:5)
  36 killer bees
  8 wights
  An electric eel (Lair:2)
  5 lava snakes (Lair:3)
  2 jellies
  A centaur zombie (D:8)
  4 hounds
  A gnoll shaman (D:5)
  14 orc priests
  A centaur skeleton (D:3)
  3 iguanas
  Jessica (D:2)
  18 orc wizards
  2 hell rats (D:9)
  2 killer bee zombies
  A howler monkey zombie (D:5)
  2 adders
  7 gnolls
  2 river rats
  A howler monkey skeleton (D:6)
  An ufetubus (D:7)
  2 worms (D:2)
  48 orcs
  3 endoplasms
  A giant cockroach (D:4)
  A goblin (D:1)
  2 hobgoblins
  3 jackals (D:3)
  9 kobolds
  3 quokkas
  4 ball pythons
  2 bats (D:1)
  3 frilled lizards (D:1)
  8 rats
434 creatures vanquished.

Vanquished Creatures (collateral kills)
  A howler monkey zombie (D:8)
1 creature vanquished.

Vanquished Creatures (others)
  Maurice (D:8)
  51 fungi
  40 plants
92 creatures vanquished.

Grand Total: 527 creatures vanquished

Notes
Turn   | Place    | Note
-------+----------+-------------------------------------------
     0 | D:5      | Froggeryz the Ghoul Delver began the quest for the Orb.
     0 | D:5      | Reached XP level 1. HP: 19/19 MP: 0/0
    15 | D:5      | Noticed a sky beast
   320 | D:3      | Reached XP level 2. HP: 26/26 MP: 1/1
   349 | D:3      | Reached skill level 3 in Unarmed Combat
   356 | D:3      | Reached skill level 1 in Armour
   356 | D:3      | Reached XP level 3. HP: 26/31 MP: 2/2
   563 | D:1      | Noticed a gargoyle
   563 | D:1      | Noticed an elf
   938 | D:1      | Found a faded altar of an unknown god.
  1013 | D:1      | Noticed a centaur
  1013 | D:1      | Noticed a human
  1015 | D:1      | Noticed a ghoul
  1015 | D:1      | Noticed a spriggan
  1017 | D:1      | Noticed a demigod
  1017 | D:1      | Noticed a merfolk
  1019 | D:1      | Noticed an ogre
  1021 | D:1      | Noticed a naga
  1023 | D:1      | Noticed a draconian
  1023 | D:1      | Noticed a vampire
  1025 | D:1      | Noticed a dwarf
  1025 | D:1      | Noticed a formicid
  1027 | D:1      | Noticed a tengu
  1027 | D:1      | Noticed a palentonga
  1029 | D:1      | Noticed a vine stalker
  1031 | D:1      | Noticed a minotaur
  1031 | D:1      | Noticed a felid
  1033 | D:1      | Noticed a demonspawn
  1033 | D:1      | Noticed an octopode
  1035 | D:1      | Noticed a troll
  1134 | D:2      | Reached skill level 4 in Unarmed Combat
  1134 | D:2      | Reached XP level 4. HP: 38/38 MP: 3/3
  1479 | D:2      | Noticed Jessica
  1489 | D:2      | Killed Jessica
  1823 | D:3      | Found a shimmering blue altar of Sif Muna.
  1967 | D:3      | Identified the +6 short sword "Tirorgh" {venom, rPois}
  1967 | D:3      | Identified the +1 leather armour of Ycrofiole {Dex+3
                  | Stlth+}
  1969 | D:3      | Found a runed translucent gate.
  1969 | D:3      | Found a runed translucent gate.
  1969 | D:3      | Found a runed translucent gate.
  1970 | D:3      | Noticed PanSaczeczos's ghost (weakling PaVM)
  2786 | D:4      | Found a hazy altar of Hepliaklqana.
  3020 | D:4      | Reached XP level 5. HP: 39/45 MP: 4/4
  3084 | D:4      | Reached skill level 5 in Unarmed Combat
  3455 | D:4      | Noticed a sky beast
  3477 | D:4      | Killed a sky beast
  3478 | D:4      | Reached XP level 6. HP: 18/51 MP: 5/5
  4054 | D:5      | Reached skill level 6 in Unarmed Combat
  4064 | D:5      | Noticed Grinder
  4073 | D:5      | Killed Grinder
  4074 | D:5      | Reached XP level 7. HP: 40/57 MP: 4/6
  4076 | D:5      | Reached skill level 7 in Unarmed Combat
  4463 | D:5      | Reached skill level 8 in Unarmed Combat
  4563 | D:5      | Reached XP level 8. HP: 63/63 MP: 5/7
  4598 | D:5      | Identified the +6 chain mail of Disaster {Regen+}
  5045 | D:6      | Noticed Sigmund
  5101 | D:6      | Killed Sigmund
  5102 | D:6      | Reached skill level 5 in Armour
  5102 | D:6      | Reached skill level 9 in Unarmed Combat
  5254 | D:6      | Reached skill level 10 in Unarmed Combat
  5259 | D:6      | Reached XP level 9. HP: 42/71 MP: 4/8
  5883 | D:6      | Found a staircase to the Ecumenical Temple.
  5968 | Temple   | Entered the Ecumenical Temple
  5978 | Temple   | Became a worshipper of Warmaster Okawaru
  6183 | D:7      | Reached skill level 11 in Unarmed Combat
  6186 | D:7      | Reached skill level 5 in Fighting
  6225 | D:7      | Found Rem Nuaj's Antique Armour Shoppe.
  6686 | D:7      | Reached * piety under Okawaru
  7102 | D:8      | Found a sparkling altar of Nemelex Xobeh.
  7359 | D:8      | Reached skill level 12 in Unarmed Combat
  7414 | D:8      | Reached XP level 10. HP: 84/84 MP: 9/9
  7432 | D:8      | Noticed a manticore
  7464 | D:8      | Killed a manticore
  7830 | D:8      | Noticed Maurice
  8134 | D:8      | Killed Maurice
  8217 | D:9      | Found a staircase to the Orcish Mines.
  8303 | D:9      | Noticed Maggie
  8304 | D:9      | Identified the +1 plate armour of the Loofah {+Inv Fly rC++
                  | Str-4}
  8313 | D:9      | Killed Maggie
  8313 | D:9      | Reached ** piety under Okawaru
  8314 | D:9      | Reached skill level 13 in Unarmed Combat
  8442 | D:9      | Noticed a death yak
  8443 | D:9      | Noticed a death yak
  8473 | D:9      | Noticed a death yak
  8662 | D:8      | Killed a death yak
  8844 | D:8      | Killed a death yak
  8844 | D:8      | Reached *** piety under Okawaru
  8896 | D:9      | Killed a death yak
  8897 | D:9      | Reached skill level 14 in Unarmed Combat
  8897 | D:9      | Reached XP level 11. HP: 45/94 MP: 4/10
  9025 | D:9      | Found a staircase to the Lair.
  9477 | D:10     | Entered Level 10 of the Dungeon
  9576 | D:10     | Reached **** piety under Okawaru
  9602 | D:10     | Found a blossoming altar of Fedhas.
  9861 | D:10     | Reached skill level 15 in Unarmed Combat
 10359 | D:10     | Found an ancient bone altar of Kikubaaqudgha.
 10465 | Lair:1   | Entered Level 1 of the Lair of Beasts
 10642 | Lair:1   | Received a gift from Okawaru
 10643 | Lair:1   | Reached skill level 5 in Dodging
 10713 | Lair:1   | You fall into a shaft and drop 1 floor!
 10732 | Lair:2   | Reached skill level 1 in Shields
 10872 | Lair:2   | Reached ***** piety under Okawaru
 11185 | Lair:2   | Reached XP level 12. HP: 99/101 MP: 9/11
 11324 | Lair:2   | You fall into a shaft and drop 1 floor!
 11568 | Lair:3   | Reached skill level 16 in Unarmed Combat
 11660 | Lair:3   | Noticed a seven-headed hydra
 11661 | Lair:3   | Received a gift from Okawaru
 11806 | Lair:4   | Reached skill level 5 in Shields
 11879 | Lair:4   | HP: 4/101 [yak (8)]
 12099 | Lair:3   | Found a staircase to the Snake Pit.
 12991 | Lair:2   | Noticed a boulder beetle
 13014 | Lair:2   | Killed a boulder beetle
 13098 | Lair:2   | Found a shimmering altar of Xom.
 13474 | Lair:3   | Noticed a six-headed hydra
 13482 | Lair:3   | Killed a six-headed hydra
 13697 | Lair:3   | Killed a seven-headed hydra
 13698 | Lair:3   | Reached skill level 17 in Unarmed Combat
 13785 | Lair:3   | Reached XP level 13. HP: 50/107 MP: 6/12
 14049 | Lair:4   | You fall into a shaft and drop 2 floors!
 14049 | Lair:6   | Entered Level 6 of the Lair of Beasts
 14259 | Lair:4   | Found a staircase to the Shoals.
 14277 | Lair:4   | Identified the +7 mace "Guepuolymn" {vorpal, Int+3}
 14325 | Lair:4   | Identified Sif Muna's Collected Works on Glacial
                  | Displacement
 14811 | Lair:5   | Found a viscous altar of Jiyva.
 14812 | Lair:5   | Found a staircase to the Slime Pits.
 14950 | Lair:5   | Reached ****** piety under Okawaru
 15032 | Lair:5   | HP: 3/107 [killer bee (11)]
 15172 | Lair:5   | Received a gift from Okawaru
 15290 | Lair:5   | Reached skill level 18 in Unarmed Combat
 15741 | Lair:5   | Reached skill level 10 in Shields
 16388 | Lair:6   | Found a runed translucent door.
 16391 | Lair:6   | Noticed Delamore's ghost (journeyman GrMo)
 16528 | Lair:6   | Reached XP level 14. HP: 14/115 MP: 3/13
 17875 | Orc:1    | Entered Level 1 of the Orcish Mines
 18274 | Orc:1    | Received a gift from Okawaru
 18587 | Orc:2    | Entered Level 2 of the Orcish Mines
 18634 | Orc:1    | Slain by an orc knight

Illustrated notes

Levels and vault maps discovered:
D:1:      kb_arrival_jail, layout_basic, basic_ecumenical_altar, minivault_25
D:2:      layout_rooms, uniq_jessica
D:3:      layout_rooms, lemuel_blue_sif_altar, biasface_ghost_orc_armoury
D:4:      layout_layer_cave, worldfamousw_hep_ancestral_shrine
D:5:      layout_rooms, uniq_grinder
D:6:      layout_gridville, temple_hall, uniq_sigmund
D:7:      layout_gridville, elyvilon_altar_1, serial_shops, shop_statue,
          serial_rivers, chequers_serial_rivers_micro_e,
          chequers_serial_rivers_large_b, chequers_serial_rivers_micro_d,
          chequers_serial_rivers_micro_c, chequers_serial_rivers_room_a
D:8:      layout_loops_cross, nicolae_overflow_crystal_walls,
          minmay_misc_feat_diagonals, wad_mini_maze, uniq_maurice
D:9:      layout_irregular_city, dpeg_lair_monsters,
          minmay_orc_entry_temple_small, uniq_maggie
D:10:     layout_basic, grunt_temple_overflow_growth_and_decay,
          grunt_decor_fettered
Temple:   eino_temple_rhombus
Lair:1:   layout_cave_pods, grunt_megastairs_2
Lair:2:   layout_cave_pods, basic_altar, fungi_pond_lemuel,
          infiniplex_staircase_pool_2, grunt_megastairs_1
Lair:3:   cheibrodos_magma_flow, layout_misc_corridors, lemuel_fruit_tree,
          minmay_lair_oklob_chamber, infiniplex_staircase_pool
Lair:4:   layout_loops_ring, shoals_dummy_entry, grunt_megastairs_4
Lair:5:   regret_index_combs_of_tragedy, layout_loops_ring, slime_altar_1
Lair:6:   minmay_lair_end_enchanted_forest, layout_loops_ring,
          hellmonk_ghost_happy_afterlife
Orc:1:    minmay_goldmine, layout_diamond_mine
Orc:2:    st_orc_rangers, layout_caves, special_room, gammafunk_ghost_stat_death

Skill      XL: |  1  2  3  4  5  6  7  8  9 10 11 12 13 14 |
---------------+-------------------------------------------+-----
Unarmed Combat | 3 4 5 6 8 10 12 14 15 17 18 | 18.0
Armour         | 1 2 3 4 5 |  5.4
Fighting       | 6 8 |  8.4
Dodging        | 3 5 |  5.0
Shields        | 3 7 11 12 | 12.4
Stealth        | |  5.4

Action                   |  1- 3 |  4- 6 |  7- 9 | 10-12 | 13-15 || total
-------------------------+-------+-------+-------+-------+-------++-------
Melee: Unarmed           |    73 |    29 |   309 |   643 |   736 ||  1790
       Dagger            |       |    58 |     8 |    20 |       ||    86
       Punch             |       |     1 |    11 |    30 |    23 ||    65
Throw: Throwing net      |       |       |       |     2 |       ||     2
Invok: Heroism           |       |       |       |     1 |     1 ||     2
Evoke: Wand              |       |     2 |       |     9 |     1 ||    12
       Condenser vane    |       |       |       |       |     1 ||     1
  Use: Potion            |     1 |       |       |     3 |     3 ||     7
       Scroll            |       |    10 |     1 |     9 |     5 ||    25
 Stab: Sleeping          |     3 |     2 |       |       |       ||     5
Armor: Leather armour    |    12 |       |       |       |       ||    12
       Ring mail         |     3 |    21 |    12 |       |       ||    36
       Chain mail        |       |       |   156 |   410 |   510 ||  1076
Dodge: Dodged            |    37 |    46 |    82 |   268 |   363 ||   796

Table legend: (Time is in decaauts)
 A = Elapsed time spent in this place.
 B = Non-inter-level travel time spent in this place.
 C = Inter-level travel time spent in this place.
 D = Time resting spent in this place.
 E = Time spent auto-exploring this place.
 F = Levels seen in this place.
 G = Mean time per level.
                   A        B        C        D        E       F      G
               +--------+--------+--------+--------+--------+-----+--------+
         Total |  18206 |  17289 |    917 |   1814 |  11982 |  19 |  958.2 |
       Dungeon |  10493 |   9947 |    546 |   1104 |   6980 |  10 | 1049.3 |
        Temple |     20 |     11 |      9 |      0 |      4 |   1 |   20.0 |
          Lair |   7076 |   6775 |    301 |    710 |   4672 |   6 | 1179.3 |
  Orcish Mines |    615 |    554 |     61 |      0 |    326 |   2 |  307.5 |
               +--------+--------+--------+--------+--------+-----+--------+

Top non-repeatable levels by time:
     D:4: 1998 daAuts
  Lair:5: 1629 daAuts
  Lair:6: 1423 daAuts
     D:8: 1327 daAuts
     D:9: 1214 daAuts
  Lair:2: 1156 daAuts
     D:7: 1121 daAuts
  Lair:3: 1050 daAuts
     D:5: 1010 daAuts
     D:6: 993 daAuts
  Lair:1: 919 daAuts
  Lair:4: 897 daAuts
    D:10: 857 daAuts
     D:3: 729 daAuts
     D:2: 620 daAuts
